 Dungeon Crawl Stone Soup version 0.21.1-1-g345015f (webtiles) character file.

23 letownia2 the Conjurer (level 3, -20/19 HPs)
             Began as a Gargoyle Wizard on Feb 23, 2018.
             Demolished by an ogre
             ... wielding a +0 giant club
              (27 damage)
             ... on level 3 of the Dungeon.
             The game lasted 00:02:56 (483 turns).

letownia2 the Conjurer (Gargoyle Wizard)             Turns: 483, Time: 00:02:57

Health: -20/19     AC:  5    Str: 10    XL:     3   Next: 0%
Magic:  4/7        EV: 12    Int: 19    God:
Gold:   63         SH:  0    Dex:  8    Spells: 1/8 levels left

rFire    . . .     SeeInvis .   h - +0 dagger
rCold    . . .     Gourm    .   (no shield)
rNeg     + . .     Faith    .   a - +0 robe
rPois    ∞         Spirit   .   b - +0 hat
rElec    +         Reflect  .   (no cloak)
rCorr    .         Harm     .   (no gloves)
MR       .....                  (no boots)
Stlth    ++........             (no amulet)
HPRegen  0.06/turn              (no ring)
MPRegen  0.10/turn              (no ring)

@: no status effects
A: negative energy resistance 1, electricity resistance, unbreathing,
petrification resistance, rot immunity, AC +3
a: no special abilities


You were on level 3 of the Dungeon.
You were not hungry.

You visited 1 branch of the dungeon, and saw 3 of its levels.

You collected 63 gold pieces.

Inventory:

Hand Weapons
 h - a +0 dagger (weapon)
 k - a +0 hunting sling
Missiles
 j - 17 stones (quivered)
Armour
 a - a +0 robe (worn)
 b - a +0 hat (worn)
 g - a +0 pair of boots
 l - a cursed +0 shield
Scrolls
 e - 3 scrolls of identify {unknown}
 m - a scroll of blinking {unknown}
 n - a scroll of amnesia {unknown}
Potions
 f - 2 potions of flight {unknown}
 i - a potion of mutation {unknown}
Books
 c - a book of Minor Magic

   Spells                             Type                      Level
   a - Magic Dart                     Conjuration                  1
   b - Blink                          Translocation                2
   c - Call Imp                       Summoning                    2
   d - Slow                           Hexes                        2
   e - Conjure Flame                  Conjuration/Fire             3
   f - Mephitic Cloud                 Conjuration/Poison/Air       3
Comestibles
 d - 5 rations


   Skills:
 - Level 1.5 Dodging
 - Level 2.1 Stealth
 - Level 3.0 Spellcasting
 + Level 3.1 Conjurations
   Level 0.8 Summonings
   Level 0.8 Translocations


You had one spell level left.
You knew the following spells:

 Your Spells              Type           Power        Failure   Level  Hunger
a - Magic Dart            Conj           ##..         4%          1    None
c - Conjure Flame         Conj/Fire      #.......     24%         3    ###....
e - Mephitic Cloud        Conj/Pois/Air  #.......     30%         3    ###....


Dungeon Overview and Level Annotations

Branches:
Dungeon (3/15)

Altars:
Qazlal


Innate Abilities, Weirdness & Mutations

You are resistant to torment.
Your stone body is resilient. (AC +3)
You are immune to poison.
You resist negative energy. (rN+)
You are resistant to electric shocks. (rElec)
You can survive without breathing.
You are immune to petrification.
You are immune to rotting.


Message History

Unknown command.
Casting: Magic Dart
Confirm with . or Enter, or press ? or * to list all spells.
Aiming: Mephitic Cloud
Press: ? - help, Shift-Dir - straight line, f - ogre
Aim: an ogre, wielding a giant club The ball explodes into a vile cloud!
The stinking cloud engulfs the ogre.
The stinking cloud engulfs the goblin.
The stinking cloud engulfs you!
The ogre is engulfed in noxious fumes.
The ogre hits you with a giant club!
Ouch! That really hurt!
The goblin is engulfed in noxious fumes.
The goblin appears confused.
Unknown command.
Unknown command.
You hit the ogre but do no damage.
The ogre is lightly wounded.
The ogre is engulfed in noxious fumes.
The ogre appears confused.
The ogre hits you with a giant club!!
Ouch! That really hurt!
You die...

###.#.#....(...>...
#...#.#.#####......
#g###.#.# ..... #.#
#.#)# ....
#.###.#.# ...
#.g..g..# ##
#..##§### #..##O#
#..##@# #..####
#... #.## #.


You could see an ogre (confused) and a goblin (confused).

Vanquished Creatures
  3 leopard geckos
  A ball python (D:2)
  2 bats (D:2)
  A giant cockroach (D:2)
  3 goblins
  A hobgoblin (D:2)
  4 jackals (D:2)
  A rat (D:3)
16 creatures vanquished.

Notes
Turn   | Place    | Note
-------+----------+-------------------------------------------
     0 | D:1      | letownia2 the Gargoyle Wizard began the quest for the Orb.
     0 | D:1      | Reached XP level 1. HP: 10/10 MP: 4/4
   161 | D:2      | Reached XP level 2. HP: 7/15 MP: 0/6
   203 | D:2      | Found a stormy altar of Qazlal.
   400 | D:3      | Noticed an ogre
   449 | D:3      | Reached XP level 3. HP: 16/19 MP: 4/7
   456 | D:2      | Learned a level 3 spell: Mephitic Cloud
   460 | D:2      | Learned a level 3 spell: Conjure Flame
   483 | D:3      | Demolished by an ogre

Skill      XL: |  1  2 |
---------------+-------+-----
Conjurations   | 2 3 |  3.1
Dodging        | |  1.5
Stealth        | |  2.1
Spellcasting   | |  3.0
Summonings     | |  0.8
Translocations | |  0.8

Action                   || total
-------------------------++-------
Melee: Dagger            ||    46
       Unarmed           ||     4
 Cast: Magic Dart        ||    26
       Mephitic Cloud    ||     1
Armor: Robe              ||    27
Dodge: Dodged            ||    55
